 Dungeon Crawl Stone Soup version 0.22-a0-858-g985ef60 (webtiles) character file.

30 Amnesiac the Vexing (level 3, -1/24 HPs)
             Began as a Mummy Enchanter on July 27, 2018.
             Was an Initiate of Dithmenos.
             Slain by a hound (4 damage)
             ... in the Ecumenical Temple.
             The game lasted 00:03:44 (1441 turns).

Amnesiac the Vexing (Mummy Enchanter)               Turns: 1441, Time: 00:03:45

Health: -1/24      AC:  3    Str: 11    XL:     3   Next: 5%
Magic:  2/7        EV: 12    Int: 15    God:    Dithmenos [......]
Gold:   36         SH:  0    Dex: 12    Spells: 2/8 levels left

rFire    x . .     SeeInvis .   a - +1 dagger
rCold    + . .     Gourm    .   (no shield)
rNeg     + + +     Faith    .   b - +0 robe
rPois    ∞         Spirit   .   (no helmet)
rElec    .         Reflect  .   (no cloak)
rCorr    .         Harm     .   d - +0 pair of gloves
MR       .....                  (no boots)
Stlth    ++........             (no amulet)
HPRegen  0.08/turn              (no ring)
MPRegen  0.10/turn              (no ring)

@: no status effects
A: no food or potions, fire vulnerability, cold resistance 1, negative energy
resistance 3, torment resistance, unbreathing
a: Renounce Religion


You were in the Ecumenical Temple.
You worshipped Dithmenos.
Dithmenos was noncommittal.
You were not hungry.

You visited 2 branches of the dungeon, and saw 5 of its levels.

You collected 36 gold pieces.

Inventory:

Hand Weapons
 a - a +1 dagger (weapon)
Armour
 b - a +0 robe (worn)
 d - a +0 pair of gloves (worn)
Jewellery
 c - a +4 ring of strength {unknown}
Wands
 e - a wand of iceblast (11)
Scrolls
 f - a scroll of remove curse {!r, unknown}


   Skills:
 - Level 1.0 Short Blades
 - Level 1.5 Dodging
 + Level 2.6 Stealth
 + Level 3.2 Spellcasting
 * Level 3.3 Hexes


You had 2 spell levels left.
You knew the following spells:

 Your Spells              Type           Power        Failure   Level  Hunger
a - Ensorcelled Hibernat  Hex/Ice        #.....       16%         2    N/A
b - Corona                Hex            ##.....      4%          1    N/A
e - Confuse               Hex            ##......     16%         3    N/A

Your spell library contained the following spells:

 Spells                   Type           Power        Failure   Level  Hunger
 Tukima's Dance           Hex            ##......     16%         3    N/A
 Dazzling Spray           Conj/Hex       #.....       30%         3    N/A

Dungeon Overview and Level Annotations

Branches:
Dungeon (4/15)             Temple (1/1) D:4

Altars:
Cheibriados
Dithmenos
Elyvilon
Makhleb
Nemelex Xobeh
Qazlal
Vehumet

Annotations:
D:2 1 runed door


Innate Abilities, Weirdness & Mutations

You do not eat or drink.
Your flesh is vulnerable to fire.
You are immune to poison.
Your flesh is cold resistant. (rC+)
You are immune to negative energy. (rN+++)
You are immune to unholy pain and torment.
You can survive without breathing.


Message History

The hound barely misses you.
You climb downwards.
Welcome to the Ecumenical Temple!
There is a staircase back to the Dungeon here.
Found a stormy altar of Qazlal.
Found a burning altar of Makhleb.
Found a radiant altar of Vehumet.
Found a snail-covered altar of Cheibriados.
Found a shadowy altar of Dithmenos.
There is a snail-covered altar of Cheibriados here.
There is a shadowy altar of Dithmenos here.
Found a white marble altar of Elyvilon.
There is a shadowy altar of Dithmenos here.
You start resting.
Magic restored.
You start resting.
Magic restored.
You kneel at the altar of Dithmenos.
Dithmenos welcomes you!
Found a sparkling altar of Nemelex Xobeh.
There is a staircase back to the Dungeon here.
You can't go down here!
You climb upwards.
Welcome back to the Dungeon!
The hound bites you but does no damage. The orc hits you but does no damage.
The hound barely misses you. The orc hits you with a short sword.
There is a staircase to the Ecumenical Temple here.
The hound bites you. The orc hits you with a short sword!
* * * LOW HITPOINT WARNING * * *
The hound misses you.
You climb downwards.
Welcome back to the Ecumenical Temple!
There is a staircase back to the Dungeon here.
The hound closely misses you. The hound bites you.
* * * LOW HITPOINT WARNING * * *
Casting: Confuse (safe; 16% risk of failure)
Confirm with . or Enter, or press ? or * to list all spells.
Aiming: Confuse (safe; 16% risk of failure)
Press: ? - help, Shift-Dir - straight line, f - hound
Aim: a hound (chance to defeat MR: 51%)
The hound appears confused.
Unknown command.
Casting: Confuse (safe; 16% risk of failure)
Confirm with . or Enter, or press ? or * to list all spells.
Aiming: Confuse (safe; 16% risk of failure)
Press: ? - help, Shift-Dir - straight line, f - orc
Aim: an orc, wielding a short sword (chance to defeat MR: 61%)
The orc appears confused.
The orc hits you with a short sword.
* * * LOW HITPOINT WARNING * * *
Unknown command.
You hit the orc.
The orc is heavily wounded.
You hit the orc.
The orc is almost dead.
The orc grins madly.
There is a staircase back to the Dungeon here.
You hit the orc.
You kill the orc!
Dithmenos accepts your kill.
You hit the hound.
The hound is moderately wounded.
You strike the helpless hound from behind!
You puncture the hound!
The hound is severely wounded.
The hound seems less confused.
The hound barely misses you. The hound bites you.
You die...

##....### ##....
#.......###......
#.._.....#....._.
#...............
##....#..#......
.# ##...##...# .
..###...####.##
..#.....##...##
......#._#..<@h#
...#.....##)..##
.. ##...#.##.## .
##...##...##
##.......#..#.
#..............
#.._.....#....._
#.......###......
##....##.# ##....


You could see a hound.

Vanquished Creatures
  An adder (D:3)
  A leopard gecko (D:1)
  2 orcs
  A bat (D:2)
  A giant cockroach (D:2)
  2 hobgoblins
  4 jackals (D:2)
  A kobold (D:2)
  A quokka (D:2)
  A frilled lizard (D:1)
15 creatures vanquished.

Notes
Turn   | Place    | Note
-------+----------+-------------------------------------------
     0 | D:1      | Amnesiac the Mummy Enchanter began the quest for the Orb.
     0 | D:1      | Reached XP level 1. HP: 13/13 MP: 4/4
   331 | D:2      | Reached skill level 1 in Short Blades
   451 | D:3      | Noticed an orc priest
   469 | D:2      | Reached XP level 2. HP: 19/19 MP: 3/5
   671 | D:2      | Learned a level 2 spell: Ensorcelled Hibernation
   681 | D:2      | Found a runed door.
  1242 | D:3      | Reached XP level 3. HP: 24/24 MP: 4/7
  1247 | D:3      | Learned a level 3 spell: Confuse
  1349 | D:4      | Found a staircase to the Ecumenical Temple.
  1357 | Temple   | Entered the Ecumenical Temple
  1415 | Temple   | Became a worshipper of Dithmenos the Shadowed
  1441 | Temple   | Slain by a hound

Vault maps used:
D:1:      dpeg_arrival_brainrot
D:2:      uniq_crazy_yiuf_cottage
D:3:      first_ration
D:4:      nicolae_overflow_crystal_walls, minmay_temple_entry_large_hall,
          minmay_checkerbox, uniq_robin
Temple:   eino_temple_scatter_basement

Skill      XL: |  1  2 |
---------------+-------+-----
Short Blades   | 1 |  1.0
Hexes          | 3 |  3.3
Spellcasting   | 3 |  3.2
Dodging        | |  1.5
Stealth        | |  2.6

Action                   || total
-------------------------++-------
Melee: Dagger            ||    70
 Cast: Corona            ||    18
       Ensorcelled Hiber ||     3
       Confuse           ||     5
 Stab: Sleeping          ||     2
       Confused          ||     1
Armor: Robe              ||    22
Dodge: Dodged            ||    49

Table legend:
 A = Spawn XP
 B = Non-spawn XP
 C = Spawn XP percentage of total XP
 D = Spawn monster count
 E = Non-spawn monster count
 F = Spawn count percentage of total count
 G = Total turns spent on level
                    A         B        C        D         E        F      G
               +---------+---------+-------+---------+---------+-------+---------
         Total |       0 |      44 |   0.0 |       0 |      15 |   0.0 |  1441
               +---------+---------+-------+---------+---------+-------+---------
           D:1 |       0 |       6 |   0.0 |       0 |       3 |   0.0 |   287
           D:2 |       0 |      19 |   0.0 |       0 |       9 |   0.0 |   853
           D:3 |       0 |      16 |   0.0 |       0 |       2 |   0.0 |   173
        Temple |       0 |       3 |   0.0 |       0 |       1 |   0.0 |    82
               +---------+---------+-------+---------+---------+-------+---------
